 Dungeon Crawl Stone Soup version 0.32-a0-520-g344ed53f66 (webtiles) character file.

Game seed: 8804227665800011781

23 cforsyth the Firebug (level 2, -1/23 HPs)
             Began as a Mountain Dwarf Fire Elementalist on Feb 27, 2024.
             Slain by a gnoll
             ... wielding a +0 whip
              (3 damage)
             ... on level 1 of the Dungeon.
             The game lasted 00:01:55 (930 turns).

cforsyth the Firebug (MDFE)                          Turns: 930, Time: 00:01:56

Health: -1/23      AC:  2    Str: 10    XL:     2   Next: 75%
Magic:  5/5        EV: 11    Int: 15    God:
Gold:   27         SH:  0    Dex: 10    Spells: 4/5 levels left

rFire   . . .        (no weapon)
rCold   . . .        (no shield)
rNeg    . . .        a - +0 robe
rPois   .            (no helmet)
rElec   .            (no cloak)
rCorr   .            (no gloves)
SInv    .            (no boots)
Will    .....        (no amulet)
Stlth   ++           (no ring)
HPRegen 0.23/turn    (no ring)
MPRegen 0.09/turn

%: no passive effects
@: no status effects
A: runic magic, artefact enchanting
a: no special abilities


You were on level 1 of the Dungeon.
You visited 1 branch of the dungeon, and saw 1 of its levels.

You collected 27 gold pieces.


Innate Abilities, Weirdness & Mutations

Your spellcasting is much less encumbered by armour.
You can use scrolls of enchantment on lesser artefacts.


   Skills:
 + Level 1.0 Fighting
 + Level 1.0 Armour
 - Level 1.3 Dodging
 - Level 1.4 Stealth
 + Level 2.0 Spellcasting
 + Level 1.3 Conjurations
 + Level 3.9 Fire Magic


You had 4 spell levels left.
You knew the following spells:

 Your Spells              Type           Power      Damage    Failure   Level
f - Foxfire               Conj/Fire      36%        2x1d5     8%          1

Your spell library contained the following spells:

 Spells                   Type           Power      Damage    Failure   Level
 Scorch                   Fire           26%        2d6       7%          2
 Inner Flame              Hex/Fire       7%         N/A       30%         3
 Volatile Blastmotes      Fire/Tloc      14%        2d11      30%         3
 Flame Wave               Conj/Fire      9%         2d6       58%         4

Inventory:

Armour
 a - a +0 robe (worn)
Scrolls
 c - a scroll of identify {unknown}
 d - a scroll of revelation {unknown}
 e - a scroll of silence {unknown}
 f - 3 scrolls of fear {unknown}

Dungeon Overview and Level Annotations

Branches:
Dungeon (1/15)

Altars:

#.# #.....▓##..ß.▓▓▓.ß..##▓...
#.# #.#...▓g#.(.........#K▓..#
##.# #.##..▓▓▓▓▓▓▓'''▓▓▓▓▓▓▓...
##..####.##...▓▓...........▓▓....
#....#.....#..▓▓.........%.▓▓..##
#.##.#.........▓▓▓.......▓▓▓.....
#.##.......###...▓▓'''''▓▓...####
..............(.............## #
#######.###...gg@.......#####
#..##.########...##
##.............###
#....########### ##.####
######..# #....÷.## ..###### .##


You could see a gnoll and a goblin.


Message History

The gnoll attacks as it pursues you! The gnoll hits you with a +0 whip.
You barely miss the gnoll.
The gnoll is heavily wounded.
The gnoll hits you with a +0 whip!
Unknown command.
The gnoll attacks as it pursues you! The gnoll hits you with a +0 whip.
* * * LOW HITPOINT WARNING * * *
The gnoll attacks as it pursues you! The gnoll hits you with a +0 whip.
* * * LOW HITPOINT WARNING * * *
Your magical contamination has completely faded away.
Casting: Foxfire (safe; 8% risk of failure)
Confirm with . or Enter, or press ? or * to list all spells.
Okay, then.
Casting: Foxfire (safe; 8% risk of failure)
Confirm with . or Enter, or press ? or * to list all spells.
You conjure some foxfire!
The gnoll closely misses you.
The foxfire hits the gnoll.
The gnoll is severely wounded.
The foxfire hits the gnoll.
The gnoll is almost dead.
Unknown command.
Unknown command.
Casting: Foxfire (safe; 8% risk of failure)
Confirm with . or Enter, or press ? or * to list all spells.
You don't have enough magic to cast this spell.
The gnoll attacks as it pursues you! The gnoll hits you with a +0 whip.
* * * LOW HITPOINT WARNING * * *
Unknown command.
Magic courses through your body. The gnoll hits you with a +0 whip.
You die...

Skill      XL: |  1  2 |
---------------+-------+-----
Conjurations   | 1 |  1.3
Spellcasting   | 2 |  2.0
Fighting       | 1 |  1.0
Armour         | 1 |  1.0
Dodging        | |  1.3
Stealth        | |  1.4
Fire Magic     | |  3.9

Action                     || total
---------------------------++-------
  Melee: Unarmed           ||    28
         Punch             ||     1
   Cast: Foxfire           ||    49
    Use: Potion            ||     1
 Armour: Robe              ||    26
  Dodge: Dodged            ||    21

Levels and vault maps discovered:
D:1:      lordsloth_arrival_two_stooges, layout_rooms,
          hellmonk_ecumenical_altar_run_dry

Notes
Turn   | Place    | Note
-------+----------+-------------------------------------------
     0 | D:1      | cforsyth the Mountain Dwarf Fire Elementalist began the
                  | quest for the Orb.
     0 | D:1      | Reached XP level 1. HP: 14/14 MP: 3/3
    66 | D:1      | Reached skill level 1 in Conjurations
   280 | D:1      | Reached XP level 2. HP: 22/22 MP: 2/4
   327 | D:1      | Found a faded altar of an unknown god.
   670 | D:1      | Reached skill level 2 in Spellcasting
   870 | D:1      | Reached skill level 1 in Fighting
   872 | D:1      | Reached skill level 1 in Armour
   928 | D:1      | HP: 2/23 [gnoll/+0 whip (5)]
   930 | D:1      | Slain by a gnoll

Vanquished Creatures
  4 ball pythons (D:1)
  3 bats (D:1)
  2 endoplasms (D:1)
  A giant cockroach (D:1)
  2 goblins (D:1)
  2 hobgoblins (D:1)
  2 kobolds (D:1)
  4 frilled lizards (D:1)
  A rat (D:1)
21 creatures vanquished.

Vanquished Creatures (others)
  82 foxfires (D:1)
82 creatures vanquished.

Grand Total: 103 creatures vanquished

Table legend: (Time is in decaauts)
 A = Elapsed time spent in this place.
 B = Non-inter-level travel time spent in this place.
 C = Inter-level travel time spent in this place.
 D = Time resting spent in this place.
 E = Time spent auto-exploring this place.
 F = Levels seen in this place.
 G = Mean time per level.
                   A        B        C        D        E       F      G
               +--------+--------+--------+--------+--------+-----+--------+
         Total |    930 |    930 |      0 |      0 |    752 |   1 |  930.0 |
       Dungeon |    930 |    930 |      0 |      0 |    752 |   1 |  930.0 |
               +--------+--------+--------+--------+--------+-----+--------+

Top non-repeatable levels by time:
     D:1: 930 daAuts

Table legend:
 A = Non-vault XP
 B = Vault XP
 C = Vault XP percentage of total XP
 D = Non-vault monster count
 E = Vault monster count
 F = Vault count percentage of total count
                 A         B        C        D         E       F
            +---------+---------+-------+---------+---------+-------
      Total |      34 |       0 |   0.0 |      21 |       0 |   0.0
            +---------+---------+-------+---------+---------+-------
        D:1 |      34 |       0 |   0.0 |      21 |       0 |   0.0
            +---------+---------+-------+---------+---------+-------
